 Dungeon Crawl Stone Soup version 0.23-a0-839-g6d2b917 (console) character file.

304 bli the Shield-Bearer (level 6, -6/48 HPs)
             Began as a Barachi Fighter on Jan 25, 2019.
             Was a Follower of Dithmenos.
             Mangled by an ogre
             ... wielding a +0 giant club
              (26 damage)
             ... on level 4 of the Dungeon.
             The game lasted 00:10:49 (2811 turns).

bli the Shield-Bearer (Barachi Fighter)             Turns: 2811, Time: 00:10:50

Health: -6/48      AC:  5    Str: 17    XL:     6   Next: 38%
Magic:  6/6        EV:  8    Int:  8    God:    Dithmenos [*.....]
Gold:   61         SH: 10    Dex: 14    Spells: 5/5 levels left

rFire    . . .     SeeInvis .   a - +1 dagger (venom)
rCold    . . .     Gourm    .   c - +0 shield
rNeg     . . .     Faith    .   q - +0 ring mail
rPois    .         Spirit   .   (no helmet)
rElec    .         Reflect  .   (no cloak)
rCorr    .         Harm     .   (no gloves)
MR       .....                  (no boots)
Stlth    +.........             (no amulet)
HPRegen  0.16/turn              (no ring)
MPRegen  0.10/turn              (no ring)

@: wreathed by umbra, slow
A: +LOS, swims, slowness 1, strong legs 1
a: Hop, Renounce Religion


You were on level 4 of the Dungeon.
You worshipped Dithmenos.
Dithmenos was aware of your devotion.
You were hungry.

You visited 1 branch of the dungeon, and saw 4 of its levels.

You collected 126 gold pieces.
You spent 65 gold pieces at shops.

Inventory:

Hand Weapons
 a - a +1 dagger of venom (weapon)
 b - a +0 short sword of freezing
 n - a +0 long sword
 r - a +0 hunting sling
Missiles
 h - 107 stones (quivered)
 s - 21 sling bullets
Armour
 c - a +0 shield (worn)
 i - a +0 scale mail
 o - a +0 leather armour
 q - a +0 ring mail (worn)
Wands
 u - a wand of disintegration (15)
Scrolls
 e - 4 scrolls of identify
 g - 2 scrolls of magic mapping {unknown}
 l - a scroll of enchant armour {unknown}
 p - a scroll of blinking {unknown}
Potions
 d - a potion of might
 j - 3 potions of haste {unknown}
 k - 2 potions of brilliance {unknown}
 m - 2 potions of curing
Comestibles
 f - 6 rations


   Skills:
 - Level 4.0 Fighting
 * Level 4.2(4.7) Short Blades
 + Level 3.3(4.5) Long Blades
 - Level 4.0 Armour
 * Level 5.3 Shields


You had 5 spell levels left.
You didn't know any spells.
Your spell library was empty.

Dungeon Overview and Level Annotations

Branches:
Dungeon (4/15)
 Temple: D:4-7

Altars:
Dithmenos
Yredelemnul

Shops:
D:4 *


Innate Abilities, Weirdness & Mutations

Shadows flee at your approach. (+LOS)
You can swim through water.
You cover ground slowly.
You can hop short distances.


Message History

You see here a leather armour.
An ogre comes into view. It is wielding a +0 giant club.
The ogre shouts!
Found 9 gold pieces.
Throwing (i - inventory)
h - 108 stones (quivered)
Press: ? - help, Shift-Dir - straight line, f - ogre
Aim: an ogre, wielding a +0 giant club You throw a stone.
The stone barely misses the ogre.
You hit the ogre.
The ogre is poisoned.
The ogre is lightly wounded.
The ogre closely misses you.
You hit the ogre.
The ogre is moderately wounded.
You see here a leather armour.
You hit the ogre.
The ogre looks as sick as possible!
The ogre is moderately wounded.
The ogre hits you with a +0 giant club!
The ogre hits you with a +0 giant club!!
Ouch! That really hurt!
You die...

########## .........#
###.####.#
###.####.##########
......(...........#
....(###.########.# ###..#
#.# #.# ###..# #.# #.#
.....# #.# #.# .#...###.#
####.#
......##.#####..@O###
..[...........###...#
#.....####.##.# #.#[##
##...## #.##.# #....#
###.######.###......^.($.#
###.............##...###.#
.....#####.##...###.##
###..# ...........# # #..#
#......###.# # #..#
#.##.#.# #.# #..# #..
....#...


You could see an ogre.

Vanquished Creatures
  A centaur skeleton (D:4)
  2 orc wizards
  A bullfrog skeleton (D:4)
  A worker ant (D:4)
  8 adders
  An ooze (D:3)
  A worm (D:3)
  3 leopard geckos
  7 orcs
  9 bats
  6 giant cockroaches
  2 gnoll zombies (D:3)
  6 goblins
  9 hobgoblins
  6 kobolds
  2 quokkas
  A ball python (D:1)
  4 frilled lizards
  11 rats
81 creatures vanquished.

Notes
Turn   | Place    | Note
-------+----------+-------------------------------------------
     0 | D:1      | bli the Barachi Fighter began the quest for the Orb.
     0 | D:1      | Reached XP level 1. HP: 18/18 MP: 1/1
    87 | D:1      | Reached XP level 2. HP: 21/24 MP: 2/2
   322 | D:1      | Reached skill level 4 in Shields
   454 | D:1      | Reached XP level 3. HP: 27/29 MP: 3/3
   782 | D:1      | Reached skill level 1 in Short Blades
   969 | D:2      | Reached XP level 4. HP: 26/36 MP: 4/4
  1517 | D:3      | Found a basalt altar of Yredelemnul.
  1610 | D:3      | Found a shadowy altar of Dithmenos.
  1623 | D:3      | Became a worshipper of Dithmenos the Shadowed
  1758 | D:3      | Reached XP level 5. HP: 37/42 MP: 5/5
  2118 | D:4      | Found Toosuser's General Store.
  2574 | D:4      | Reached skill level 5 in Shields
  2592 | D:4      | Reached XP level 6. HP: 45/48 MP: 6/6
  2667 | D:4      | Bought a scroll of identify for 26 gold pieces
  2667 | D:4      | Bought a potion of curing for 39 gold pieces
  2788 | D:4      | Reached * piety under Dithmenos
  2811 | D:4      | Mangled by an ogre

Vault maps used:
D:1:      saegor_arrival_simple_c
D:2:      minmay_3d_cube
D:3:      lemuel_crystal_altar, lemuel_zombie_altar_yredelemnul
D:4:      marbit_many_paths, serial_shops, shop, gup_sewer_entry_glass

Skill      XL: |  1  2  3  4  5  6 |
---------------+-------------------+-----
Long Blades    | 3 |  3.3
Shields        | 4 5 |  5.3
Short Blades   | 1 2 3 4 |  4.2
Armour         | 4 |  4.0
Fighting       | 4 |  4.0

Action                   |  1- 3 |  4- 6 || total
-------------------------+-------+-------++-------
Melee: Long sword        |    35 |    24 ||    59
       Short sword       |    63 |     1 ||    64
       Dagger            |    35 |   152 ||   187
Throw: Stone             |     6 |    34 ||    40
 Abil: Hop               |       |     1 ||     1
 Stab: Sleeping          |     1 |       ||     1
  Eat: Chunk             |     1 |     6 ||     7
Armor: Scale mail        |    62 |       ||    62
       Leather armour    |     1 |     4 ||     5
       Ring mail         |       |    52 ||    52
Dodge: Dodged            |    45 |    49 ||    94
Block: Shield            |    75 |    86 ||   161
       Rpst.: Long sword |     2 |     4 ||     6

Table legend:
 A = Non-vault XP
 B = Vault XP
 C = Vault XP percentage of total XP
 D = Non-vault monster count
 E = Vault monster count
 F = Vault count percentage of total count
                 A         B        C        D         E       F
            +---------+---------+-------+---------+---------+-------
      Total |     427 |       8 |   1.8 |      77 |       4 |   4.9
            +---------+---------+-------+---------+---------+-------
        D:1 |      64 |       0 |   0.0 |      31 |       0 |   0.0
        D:2 |      49 |       5 |   9.3 |      17 |       2 |  10.5
        D:3 |     133 |       3 |   2.2 |      20 |       2 |   9.1
        D:4 |     181 |       0 |   0.0 |       9 |       0 |   0.0
            +---------+---------+-------+---------+---------+-------
